 Dungeon Crawl Stone Soup version 0.19.0-2-gae57169 (webtiles) character file.

121 Krapule the Covered (level 4, -5/40 HPs)
             Began as a Minotaur Fighter on Nov 6, 2016.
             Slain by Grinder (8 damage)
             ... while paralysed by Grinder
             ... on level 3 of the Dungeon.
             The game lasted 00:05:01 (1643 turns).

Krapule the Covered (Minotaur Fighter)              Turns: 1643, Time: 00:05:02

Health: -5/40      AC:  8    Str: 26    XL:     4   Next: 77%
Magic:  3/3        EV:  2    Int:  6    God:
Gold:   135        SH:  0    Dex:  9    Spells: 0 memorised, 3 levels left

rFire  . . .     SeeInvis .     a - +0 flail
rCold  . . .     Gourm    .     b - +0 scale mail
rNeg   . . .     Faith    .     c - +0 shield
rPois  .         Spirit   .     (helmet restricted)
rElec  .         Reflect  .     (no cloak)
rCorr  .         Harm     .     h - +0 pair of gloves
MR     .....                    (no boots)
Stlth  ..........               (no amulet)
                                (no ring)
                                (no ring)

@: paralysed, mighty
A: retaliatory headbutt, horns 2
a: no special abilities


You were on level 3 of the Dungeon.
You were hungry.

You visited 1 branch of the dungeon, and saw 3 of its levels.

You collected 135 gold pieces.

Inventory:

Hand Weapons
 a - a +0 flail (weapon)
Armour
 b - a +0 scale mail (worn)
 c - a +0 shield (worn)
 h - a +0 pair of gloves (worn)
Jewellery
 r - an uncursed amulet of the gourmand {unknown}
Wands
 p - a wand of flame (0/48)
Scrolls
 e - 2 scrolls of teleportation {unknown}
 i - 5 scrolls of identify {unknown}
 l - 3 scrolls of immolation {unknown}
 n - a scroll of enchant weapon {unknown}
 o - 2 scrolls of enchant armour {unknown}
 s - 2 scrolls of random uselessness {unknown}
Potions
 g - 2 potions of brilliance {unknown}
 j - 4 potions of heal wounds {unknown}
 k - a potion of lignification {unknown}
 m - 2 potions of curing {unknown}
Comestibles
 f - 2 bread rations
 q - 2 chunks of flesh


   Skills:
 + Level 4.3 Fighting
 + Level 3.2 Maces & Flails
 + Level 4.5 Armour
 + Level 2.1 Dodging
 + Level 4.4 Shields


You had 3 spell levels left.
You didn't know any spells.

Dungeon Overview and Level Annotations

Branches:
Dungeon (3/15)

Altars:
Ashenzari

Annotations:
D:3 Grinder


Innate Abilities, Weirdness & Mutations

You reflexively headbutt those who attack you in melee.
You have a pair of horns on your head.


Message History

You block Grinder's attack.
You feel very mighty all of a sudden. Grinder gestures at you.
You shrug off the repeated paralysis!
You barely miss Grinder.
Grinder is moderately wounded.
Grinder hits you but does no damage.
You barely miss Grinder. You headbutt Grinder!
Grinder is heavily wounded.
You block Grinder's attack.
You thump Grinder!
Grinder is almost dead.
Grinder gestures at you.
You suddenly lose the ability to move!
Grinder hits you.
* * * LOW HITPOINT WARNING * * *
You writhe in agony.
* * * LOW HITPOINT WARNING * * *
Grinder hits you but does no damage. Grinder hits you!
You die...

#........................
#........#...............
#..#.....................
#..#....8................
#.##...8.8........#......
#..##..8._.8..............
#.......8.8......#........
#.###....8.........#.#####
.. #....@5..#.......#
#..........#.#....
.........###.........
###....... ###........
##....... ...........
#.#.##.###...........
#.#.# .# ....?!...... ....
..


You could see Grinder.

Vanquished Creatures
  Ijyb (D:3)
  4 gnolls
  An adder (D:2)
  2 worms (D:2)
  2 dart slugs (D:1)
  3 bats
  3 giant cockroaches
  2 goblins (D:2)
  4 hobgoblins
  4 jackals (D:3)
  A quokka (D:2)
  A ball python (D:2)
  4 frilled lizards
  4 kobolds
  A leopard gecko skeleton (D:3)
  4 rats
41 creatures vanquished.

Notes
Turn   | Place    | Note
-------+----------+-------------------------------------------
     0 | D:1      | Krapule the Minotaur Fighter began the quest for the Orb.
     0 | D:1      | Reached XP level 1. HP: 19/19 MP: 0/0
   149 | D:1      | Found a shattered altar of Ashenzari.
   290 | D:1      | Reached XP level 2. HP: 27/27 MP: 1/1
   625 | D:1      | You fall through a shaft!
  1081 | D:2      | Reached XP level 3. HP: 33/33 MP: 2/2
  1167 | D:3      | Found a faded altar of an unknown god.
  1167 | D:3      | Noticed Grinder
  1173 | D:2      | Reached skill level 1 in Dodging
  1508 | D:3      | Noticed Ijyb
  1526 | D:3      | Killed Ijyb
  1526 | D:3      | Reached XP level 4. HP: 35/40 MP: 3/3
  1625 | D:3      | Paralysed by Grinder for 4 turns
  1631 | D:3      | Paralysed by Grinder for 5 turns
  1641 | D:3      | Paralysed by Grinder for 3 turns
  1641 | D:3      | HP: 2/40 [Grinder (1)]
  1643 | D:3      | Slain by Grinder

Skill      XL: |  1  2  3  4 |
---------------+-------------+-----
Shields        | 4 |  4.4
Fighting       | 4 |  4.3
Armour         | 4 |  4.5
Dodging        | 1 2 |  2.1
Maces & Flails | 3 |  3.2

Action                   |  1- 3 |  4- 6 || total
-------------------------+-------+-------++-------
Melee: Flail             |   103 |    19 ||   122
       Headbutt          |    23 |     8 ||    31
Evoke: Wand              |     4 |     2 ||     6
  Use: Potion            |       |     1 ||     1
  Eat: Chunk             |     2 |       ||     2
Armor: Scale mail        |    44 |    13 ||    57
Dodge: Dodged            |    32 |     2 ||    34
Block: Shield            |    60 |     6 ||    66
